 Dungeon Crawl Stone Soup version 0.18-a0-1577-gf591c28 (webtiles) character file.

515336 mrath the Hoplite (level 24, -6/225 HPs)
             Began as a Minotaur Fighter on Mar 18, 2016.
             Was a High Priest of Okawaru (penitent).
             Splashed by an ancient lich's acid (16 damage)
             ... on level 5 of the Vaults on Mar 22, 2016.
             The game lasted 11:12:26 (73395 turns).

mrath the Hoplite (Minotaur Fighter)               Turns: 73395, Time: 11:12:27

Health: -6/225     AC: 36    Str: 29    XL:     24   Next: 46%
Magic:  34/34      EV: 29    Int:  5    God:    Okawaru [*]
Gold:   4686       SH: 31    Dex: 22    Spells: 0 memorised, 23 levels left

rFire  + . .     SeeInvis +     s - +6 long sword of the Warrior {freeze, rElec MR+ Dex+3 SInv}
rCold  . . .     Gourm    .     q - +8 chain mail {MR+}
rNeg   . . .     Faith    .     T - +5 large shield "Roymol" {rElec Stlth+}
rPois  +         Spirit   .     O - +2 hat
rElec  +         Dismiss  .     y - +2 cloak {MR+}
rCorr  .         Reflect  .     X - +2 pair of gloves {Dex+3}
SustAt .         Harm     .     Z - +2 pair of boots {run}
MR     ++++.                    j - amulet of regeneration
Stlth  ..........               v - ring of Vairchyl {rPois rF+ Str+2}
                                x - +5 ring of evasion

@: drained, quick, incredibly resistant to hostile enchantments, extremely
unstealthy
A: retaliatory headbutt, horns 2
a: Renounce Religion
}: 2/15 runes: decaying, serpentine


You were on level 5 of the Vaults.
You worshipped Okawaru.
Okawaru was demanding penance.
You were not hungry.

You visited 9 branches of the dungeon, and saw 47 of its levels.
You visited the Abyss 1 time.
You visited 1 bazaar.
You also visited: Labyrinth, Ice Cave and Wizlab.

You collected 6472 gold pieces.
You spent 1786 gold pieces at shops.

Inventory:

Hand Weapons
 s - the +6 long sword of the Warrior (weapon) {freeze, rElec MR+ Dex+3 SInv}
   (You took it off a minotaur in a labyrinth)

   It has been specially enchanted to freeze those struck by it, causing extra
   injury to most foes and up to half again as much damage against particularly
   susceptible opponents.
   It can also slow down cold-blooded creatures.
   It affects your dexterity (+3).
   It insulates you from electricity.
   It affects your resistance to hostile enchantments.
   It lets you see invisible.
 H - the +11 mace "Xoiw" {freeze, +Rage rElec Int+4 Dex+3}
   (You bought it in a shop in a bazaar)

   It has been specially enchanted to freeze those struck by it, causing extra
   injury to most foes and up to half again as much damage against particularly
   susceptible opponents.
   It can also slow down cold-blooded creatures.
   It affects your intelligence (+4).
   It affects your dexterity (+3).
   It insulates you from electricity.
   It lets you go berserk.
 M - a +6 scimitar of flaming
 U - the +5 spear of Okawaru's Approval {speed, rF+++ MR- Int+7}
   (You found it on level 3 of the Elven Halls)

   Attacks with this weapon are significantly faster.
   It affects your intelligence (+7).
   It renders you almost immune to fire.
   It affects your resistance to hostile enchantments.
Missiles
 k - 22 javelins of penetration (quivered)
Armour
 q - a +8 chain mail of magic resistance (worn)
 y - a +2 cloak of magic resistance (worn)
 O - a +2 hat (worn)
 T - the +5 large shield "Roymol" (worn) {rElec Stlth+}
   (Okawaru gifted it to you on level 3 of the Depths)

   It insulates you from electricity.
   It makes you more stealthy.
 X - a +2 pair of gloves of dexterity (worn)
 Z - a +2 pair of boots of running (worn)
Rods
 g - a +3 iron rod (14/14)
   (You took it off a deep elf death mage on level 3 of the Elven Halls)
 n - a +6 rod of inaccuracy (12/12)
   (You found it on level 8 of the Lair of Beasts)
Jewellery
 j - an amulet of regeneration (around neck)
 o - the ring "Ulissiru" {rCorr rC+}
   (You found it in a labyrinth)

   [ring of resist corrosion]

   It protects you from cold.
 v - the ring of Vairchyl (right hand) {rPois rF+ Str+2}
   (You found it on level 15 of the Dungeon)

   [ring of protection from fire]

   It affects your strength (+2).
   It protects you from fire.
   It protects you from poison.
 x - a +5 ring of evasion (left hand)
 W - an uncursed ring of positive energy
Wands
 d - a wand of lightning (5/15)
 h - a wand of disintegration (12/24)
 m - a wand of iceblast (8/15)
 A - a wand of digging (7/24)
 D - a wand of acid (8/15)
 I - a wand of iceblast (8/15)
 R - a wand of confusion (15/48)
Scrolls
 a - a scroll of magic mapping
 b - 14 scrolls of remove curse
 f - 3 scrolls of blinking
 i - 5 scrolls of fear
 l - 10 scrolls of teleportation
 p - 10 scrolls of identify
 u - 2 scrolls of recharging
 B - 10 scrolls of fog
Potions
 r - 21 potions of curing
 t - 4 potions of agility
 w - 2 potions of cancellation
 J - 2 potions of might
 K - 3 potions of resistance
 L - 6 potions of haste
 N - 9 potions of flight
 Q - 4 potions of heal wounds
 S - 7 potions of invisibility
Miscellaneous
 c - a phial of floods
 e - a sack of spiders
 z - a disc of storms
 P - a box of beasts
 Y - a lamp of fire (inert)
Comestibles
 C - 6 fruits
 E - 5 royal jellies
 F - 10 chunks of flesh


   Skills:
 + Level 20.4(19.5) Fighting
 + Level 20.8(19.8) Long Blades
 - Level 12.8(12.0) Maces & Flails
 + Level 20.0(19.0) Armour
 + Level 18.8(17.9) Dodging
 + Level 22.6(21.6) Shields
 - Level 7.0(6.3) Invocations
 + Level 16.0(15.1) Evocations


You had 23 spell levels left.
You didn't know any spells.

Dungeon Overview and Level Annotations

Branches:
Dungeon (15/15)            Temple (1/1) D:4            Lair (8/8) D:9
  Swamp (4/4) Lair:6        Snake (4/4) Lair:4        Slime (0/6) Lair:8
    Orc (2/2) D:9             Elf (3/3) Orc:2        Vaults (5/5) D:14
  Crypt (0/3) Vaults:3     Depths (5/5) D:15            Zot (0/5) Depths:5

Altars:
Ashenzari
Cheibriados
Fedhas
Gozag
Makhleb
Nemelex Xobeh
Okawaru
Ru
Sif Muna
Lugonu

Shops:
D:14 [   D:15 [([   Orc:2 !*[*   Vaults:2 %   Vaults:4 (   Depths:2 !(%

Portals:
Hell: Lair:8 Depths:1 Depths:2 Depths:3 Depths:4 Depths:5
Abyss: Depths:2 Depths:4
Pandemonium: Depths:2 Depths:3
Ziggurat: Depths:1
Trove: Elf:1 (give wand of heal wounds (9))

Annotations:
Vaults:5 Jory


Innate Abilities, Weirdness & Mutations

You reflexively headbutt those who attack you in melee.
You have a pair of horns on your head.


Message History

The hell knight blinks!
A stone giant comes into view.
You feel a little less mighty now.
Things that are here:
a great mace; a leather armour; a human corpse You see here a chain mail.
You barely miss the ancient lich.
You headbutt the ancient lich, but do no damage.
The ancient lich touches you.
* * * LOW HITPOINT WARNING * * *
You closely miss the ancient lich. Your headbutt misses the ancient lich.
The hell knight gestures wildly while chanting.
The hell knight blinks!
You block the ettin's attack. x2
You hit the ancient lich. You headbutt the ancient lich!
The ancient lich is lightly damaged.
The ancient lich points at you and mumbles some strange words.
The bolt of acid hits you!
* * * LOW HITPOINT WARNING * * *
The acid burns!
You die...

,*,,,,,,,,,,,,,,,,,,,,,,≈≈.#..CT*
,*,,**,,,**###.*****,,,,..,#.≈..#
,*,,*,,,**,,....,,,**,,,.,,#.≈≈.#
,*,,*,,**,,,....,,,,**,,,,,#....#
,**,,,,*,,,###.###,,,*,,,,**,,,,*
,**,,,**,,##.....##,,**,,,**,,,,*
,**,,**,,,#.......#,,,*#,,**,,,,*
,*,,,*,,,##..!$(L.##,,.#,,,*,,,,*
,*,,**..##..?(§?@C.##..##..*,,,,*
,*,,,,.?....["($))...C.....*,,,,*
,*,,**..##..$(?$%..##..##..*,,,,*
,*,,,*,,,##..%?[..##,,.#,,,*,,,,*
,**,,**,,,#.......#,,,*#,,**,,,,*
,**,,,**,,##....p##,,**,,,**,,,,*
,**,,,,*,,,###.###,,,*,,,,**,,,,*
,*,,*,,**,,,....,,,,**,,*,,*,,,,*
,*,,*,,,**,,....,,,**,,,*,,*,,,,*


You could see an ancient lich, a stone giant, an ettin and a hell knight.

Vanquished Creatures
  A caustic shrike (Depths:3)
  A golden dragon (Depths:5)
  An electric golem (WizLab)
  Jorgrun (Swamp:2)
  4 tentacled monstrosities
  Rupert (Snake:1)
  A lich (Depths:5)
  4 titans
  A deep elf master archer (Elf:3)
  2 deep elf blademasters (Elf:3)
  4 sphinxes
  2 tentacled starspawn (Abyss:4)
  Kirke (D:15)
  An ancient champion (Vaults:3)
  4 shadow dragons
  A draconian monk (Depths:5)
  2 storm dragons
  3 tengu reavers
  6 greater nagas
  Donald (Snake:4)
  11 frost giants
  Roxanne (Snake:2)
  Aizul (Snake:1)
  2 iron dragons
  9 fire giants
  6 deep elf sorcerers
  Maud (Lair:4)
  A cacodemon (Abyss:4)
  4 vault wardens
  Louise (D:15)
  5 deep elf elementalists
  A draconian shifter (Depths:5)
  The ghost of Fabri the Black Belt, a journeyman OpTm of Gozag (Swamp:1)
  2 reapers
  A war gargoyle (WizLab)
  12 ironheart preservers
  4 spriggan defenders
  12 stone giants
  13 very ugly things
  An ophan (Abyss:4)
  A vampire knight (Depths:3)
  13 deep elf demonologists
  A salamander stormcaller (Vaults:4)
  9 deep elf annihilators
  The ghost of HandofTrog the Spear-Bearer, a journeyman DsGl of Makhleb (Lair:5)
  7 spark wasps
  3 dire elephants (Lair:8)
  A black draconian (Depths:5)
  2 mottled draconians (Depths:5)
  Azrael (D:15)
  A yellow draconian (Depths:5)
  A purple draconian (Depths:5)
  A merfolk javelineer (Depths:3)
  10 ettins
  10 deep elf death magi
  A minotaur (Lab)
  2 crystal guardians (WizLab)
  17 yaktaur captains
  28 vault guards
  12 great orbs of eyes
  A green death (Depths:2)
  16 fire dragons
  4 ice dragons
  6 entropy weavers
  A hell beast (Lair:8)
  2 rakshasas
  36 hydras
  A ghost crab (Swamp:3)
  9 anacondas
  8 spriggan air magi
  15 centaur warriors
  7 naga warriors
  4 death knights
  2 catoblepae
  The ghost of George the Cleaver, a novice MiGl of Makhleb (D:9)
  10 deep troll shamans
  13 ogre magi
  31 dancing weapons
  6 death yaks
  11 alligators
  6 deep troll earth magi
  5 spriggan berserkers
  A vampire mage (Depths:2)
  5 thrashing horrors (Abyss:4)
  9 tengu warriors
  4 naga sharpshooters
  3 orc high priests
  A soul eater (Depths:2)
  10 shock serpents
  Sonja (Lair:1)
  25 deep elf knights
  A wretched star (Abyss:4)
  Nergalle (Lair:4)
  3 iron golems (WizLab)
  The ghost of Azzok the Transmogrifier, a novice NaTm of Cheibriados (D:7)
  5 skeletal warriors (Vaults:2)
  7 hell knights (Depths:3)
  3 iron trolls
  2 shadow wraiths
  5 giant orange brains
  4 wizards
  2 fire crabs
  A deep troll (shapeshifter) (Depths:4)
  An unseen horror (shapeshifter) (Elf:1)
  A salamander mystic (Snake:4)
  23 deep trolls
  2 flayed ghosts
  5 unseen horrors
  3 spriggan druids
  12 hill giants
  2 shambling mangroves
  10 swamp dragons
  4 naga ritualists
  A harpy (shapeshifter) (Vaults:3)
  A shadow demon (Abyss:4)
  6 necromancers
  8 ironbrand convokers
  17 deep elf archers
  4 harpies (Vaults:2)
  21 orc knights
  4 phantasmal warriors
  4 mana vipers
  81 deep elf magi
  5 griffons
  A wolf spider zombie (D:15)
  4 orc sorcerers
  8 hornets
  A hornet (shapeshifter) (Vaults:2)
  6 wolf spiders
  12 cyclopes
  A manticore (D:14)
  7 salamanders
  A manticore (shapeshifter) (D:15)
  60 ugly things
  An elephant (shapeshifter) (Depths:2)
  2 octopodes (shapeshifter)
  A guardian serpent (Snake:4)
  11 elephants
  10 vault sentinels
  7 gargoyles
  24 naga magi
  12 spiny frogs
  32 black mambas
  Psyche (D:10)
  3 orange demons
  2 ice statues
  2 torpor snails
  3 kobold demonologists
  9 centaur skeletons
  A rime drake (shapeshifter) (D:15)
  5 freezing wraiths
  9 komodo dragons
  47 yaktaurs
  A demonic crawler (Depths:2)
  10 rime drakes
  7 ice devils
  A hellwing (Lair:8)
  2 komodo dragons (shapeshifter)
  A jumping spider (shapeshifter) (Vaults:1)
  A queen bee (D:9)
  A yaktaur (shapeshifter) (Vaults:4)
  17 polar bears (IceCv)
  4 tengu conjurers
  5 trolls
  19 two-headed ogres
  2 red devils
  8 giant leeches
  35 slime creatures
  8 bog bodies
  2 two-headed ogres (shapeshifter)
  11 boulder beetles
  A hornet zombie (D:15)
  A snapping turtle (shapeshifter) (Depths:2)
  14 blink frogs
  5 starcursed masses (Abyss:4)
  4 large abominations
  2 centaur simulacra (D:15)
  16 air elementals
  9 redbacks
  13 water elementals
  3 shadows
  6 spriggans
  A small abomination (Depths:2)
  66 yaks
  2 wraiths
  11 wyverns
  A tarantella (Depths:4)
  3 yaks (shapeshifter)
  8 fire elementals
  A hippogriff (shapeshifter) (Vaults:3)
  15 basilisks
  A human (shapeshifter) (Vaults:4)
  5 hungry ghosts
  34 vampire mosquitoes
  19 hippogriffs
  3 chaos spawn
  8 wargs
  43 nagas
  A soldier ant (D:14)
  Edmund (D:4)
  16 insubstantial wisps
  A warg (shapeshifter) (Vaults:1)
  A mottled dragon (Vaults:2)
  14 swamp worms
  5 hell hounds
  15 water moccasins
  11 porcupines
  15 swamp drakes
  2 sky beasts
  63 orc warriors
  11 wasps
  3 black bears (D:8)
  39 ogres
  2 eyes of draining
  13 ice beasts
  7 phantoms
  6 boggarts
  2 necrophages
  An ettin simulacrum (Vaults:2)
  40 wolves
  45 centaurs
  An eye of draining (shapeshifter) (D:15)
  14 crocodiles
  22 big kobolds
  22 giant frogs
  A wyvern zombie (D:12)
  8 earth elementals (WizLab)
  A wyvern skeleton (D:12)
  5 scorpions
  31 killer bees
  2 electric eels
  A howler monkey (D:5)
  4 wights (D:10)
  5 crimson imps
  3 centaur zombies
  8 hounds
  3 quasits
  A yaktaur simulacrum (Vaults:1)
  An iron imp (Depths:1)
  Crazy Yiuf (D:6)
  4 giant frog skeletons
  4 jellies
  2 giant frog zombies
  16 orc priests
  13 orc wizards
  12 iguanas
  Natasha (twice) (D:2)
  2 hell rats
  11 worker ants
  A killer bee zombie (D:8)
  7 sheep
  2 hound zombies
  A hound skeleton (D:7)
  Robin (D:2)
  7 gnolls
  16 adders
  37 river rats
  9 shadow imps
  A white imp (Depths:5)
  2 giant eyeballs (D:15)
  An ooze (D:1)
  An adder zombie (D:8)
  2 adder skeletons (D:4)
  3 dart slugs
  An adder simulacrum (D:10)
  3 giant geckos
  116 orcs
  3 ball pythons
  6 giant cockroaches
  19 goblins
  8 hobgoblins
  8 jackals
  36 kobolds
  4 quokkas
  9 bats
  6 giant newts
  A jackal zombie (D:5)
  A quokka zombie (D:6)
  9 rats
  A crawling corpse (Elf:3)
  A fungus (Lair:7)
  A starspawn tentacle (Abyss:4)
2308 creatures vanquished.

Vanquished Creatures (others)
  A deep elf master archer (Elf:3)
  A rakshasa (Depths:3)
  A centaur warrior (Vaults:4)
  A spriggan druid (Swamp:4)
  A deep elf mage (Elf:3)
  9 yaktaurs
  A slime creature (D:15)
  3 humans (D:15)
  4 yaks (IceCv)
  A wolf (IceCv)
  An ogre (Vaults:2)
  A centaur (Abyss:4)
  An orc (Vaults:3)
  10 fungi
  3 plants
  5 starspawn tentacles (Abyss:4)
  43 starspawn tentacle segments (Abyss:4)
87 creatures vanquished.

Grand Total: 2395 creatures vanquished

Notes
Turn   | Place    | Note
--------------------------------------------------------------
     0 | D:1      | mrath the Minotaur Fighter began the quest for the Orb.
     0 | D:1      | Reached XP level 1. HP: 19/19 MP: 0/0
    32 | D:1      | Reached XP level 2. HP: 21/26 MP: 1/1
   654 | D:1      | Reached XP level 3. HP: 29/31 MP: 2/2
  1152 | D:2      | Reached skill level 5 in Maces & Flails
  1162 | D:2      | Reached XP level 4. HP: 12/39 MP: 3/3
  1836 | D:2      | Noticed Natasha
  1851 | D:2      | Killed Natasha
  2026 | D:2      | Noticed Robin
  2091 | D:2      | Killed Robin
  2297 | D:2      | Reached XP level 5. HP: 45/45 MP: 4/4
  2359 | D:2      | Noticed Natasha
  2369 | D:2      | Killed Natasha
  3061 | D:3      | Found a sparkling altar of Nemelex Xobeh.
  3062 | D:3      | Found an opulent altar of Gozag.
  3266 | D:4      | Noticed Edmund
  3286 | D:4      | Killed Edmund
  3286 | D:4      | Reached XP level 6. HP: 41/51 MP: 5/5
  3447 | D:4      | Reached skill level 4 in Shields
  3673 | D:4      | Found a sacrificial altar of Ru.
  3739 | D:4      | Reached skill level 1 in Dodging
  3739 | D:4      | Reached XP level 7. HP: 54/59 MP: 6/6
  3878 | D:4      | Found a staircase to the Ecumenical Temple.
  3887 | Temple   | Entered the Ecumenical Temple
  3900 | Temple   | Became a worshipper of Warmaster Okawaru
  4019 | D:5      | Entered Level 5 of the Dungeon
  4283 | D:5      | Reached * piety under Okawaru
  4283 | D:5      | Reached skill level 5 in Shields
  4345 | D:5      | Reached skill level 5 in Fighting
  4369 | D:5      | Reached skill level 5 in Armour
  4369 | D:5      | Reached XP level 8. HP: 66/68 MP: 7/7
  4830 | D:6      | Reached ** piety under Okawaru
  4985 | D:6      | Reached skill level 6 in Shields
  5151 | D:6      | Found a deep blue altar of Sif Muna.
  5438 | D:6      | Noticed Crazy Yiuf
  5444 | D:6      | Killed Crazy Yiuf
  5487 | D:7      | Reached XP level 9. HP: 62/78 MP: 8/8
  5758 | D:7      | Reached *** piety under Okawaru
  6272 | D:7      | Noticed Azzok's ghost (novice NaTm)
  6284 | D:7      | Killed Azzok's ghost
  6284 | D:7      | Reached skill level 10 in Maces & Flails
  6284 | D:7      | Reached skill level 5 in Dodging
  6284 | D:7      | Reached skill level 7 in Shields
  6359 | D:7      | Noticed an ice statue
  6611 | D:7      | Reached **** piety under Okawaru
  7210 | D:8      | Reached XP level 10. HP: 88/88 MP: 9/9
  7234 | D:8      | Found a blossoming altar of Fedhas.
  7440 | D:9      | Reached ***** piety under Okawaru
  7578 | D:9      | Noticed George's ghost (novice MiGl)
  7579 | D:9      | Found a staircase to the Lair.
  7691 | D:9      | Reached skill level 1 in Evocations
  7698 | D:9      | Reached skill level 8 in Shields
  7737 | D:9      | Reached skill level 1 in Invocations
  7787 | D:9      | Noticed a cyclops
  7797 | D:9      | Killed a cyclops
  7893 | D:9      | Received a gift from Okawaru
  8408 | D:9      | Found a staircase to the Orcish Mines.
  8503 | Lair:1   | Entered Level 1 of the Lair of Beasts
  8530 | Lair:1   | Noticed Sonja
  8615 | Lair:1   | Reached XP level 11. HP: 97/97 MP: 4/12
  8685 | Lair:1   | Found a frozen archway.
  8837 | IceCv    | Entered an ice cave
  9025 | IceCv    | Reached skill level 9 in Shields
  9439 | IceCv    | Noticed a death yak
  9439 | IceCv    | Noticed a death yak
  9466 | IceCv    | Killed a death yak
  9476 | IceCv    | Killed a death yak
  9476 | IceCv    | Received a gift from Okawaru
  9602 | IceCv    | Reached skill level 10 in Fighting
  9876 | IceCv    | Noticed a frost giant
  9902 | IceCv    | Reached skill level 5 in Invocations
  9902 | IceCv    | Reached XP level 12. HP: 106/106 MP: 7/14
  9920 | IceCv    | Killed a frost giant
  9939 | IceCv    | Reached skill level 10 in Armour
  9942 | IceCv    | Reached ****** piety under Okawaru
  9969 | IceCv    | Reached skill level 5 in Evocations
 10187 | Lair:1   | Reached skill level 10 in Shields
 10229 | Lair:1   | Killed Sonja
 10544 | Lair:1   | Got a faintly glowing rapier
 10545 | Lair:1   | Identified the +7 rapier of the Dove {drain, Str+3} (You found it on level 1 of the Lair of Beasts)
 11049 | Lair:2   | Noticed an eight-headed hydra
 11059 | Lair:2   | Killed an eight-headed hydra
 11214 | Lair:2   | Received a gift from Okawaru
 11215 | Lair:2   | Got a spiked shield {god gift}
 11227 | Lair:2   | Identified the +3 shield of Okawaru's Approval {+Fly rF- Dex+4} (Okawaru gifted it to you on level 2 of the Lair of Beasts)
 11366 | Lair:2   | Noticed an eight-headed hydra
 11376 | Lair:2   | Killed an eight-headed hydra
 12632 | Lair:3   | Reached XP level 13. HP: 113/116 MP: 16/16
 12665 | Lair:3   | Found a labyrinth entrance.
 12692 | Lab      | Entered a labyrinth
 13801 | Lab      | Noticed a minotaur
 13819 | Lab      | Killed a minotaur
 13821 | Lab      | Identified Asmodeus's Compendium of the Creative Arsonist
 13821 | Lab      | Got a faintly glowing lead ring
 13822 | Lab      | Got an ancient long sword {freeze}
 13859 | Lab      | Identified the +6 long sword of the Warrior {freeze, rElec MR+ Dex+3 SInv} (You took it off a minotaur in a labyrinth)
 14775 | Lair:2   | Identified the ring "Ulissiru" {rCorr rC+} (You found it in a labyrinth)
 14975 | Lair:4   | Noticed Maud
 14977 | Lair:4   | Reached skill level 1 in Long Blades
 14992 | Lair:4   | Killed Maud
 14992 | Lair:4   | Reached skill level 11 in Shields
 15123 | Lair:4   | Noticed Nergalle
 15133 | Lair:4   | Killed Nergalle
 15208 | Lair:4   | Found a staircase to the Snake Pit.
 15334 | Lair:4   | Noticed a fire dragon
 15358 | Lair:4   | Killed a fire dragon
 15844 | Lair:5   | Noticed HandofTrog's ghost (journeyman DsGl)
 15890 | Lair:5   | Killed HandofTrog's ghost
 17296 | Lair:5   | Reached skill level 10 in Dodging
 17510 | Lair:5   | Reached skill level 5 in Long Blades
 18174 | Lair:6   | Found a staircase to the Swamp.
 18342 | Lair:6   | Reached XP level 14. HP: 118/125 MP: 18/18
 19039 | Lair:6   | Received a gift from Okawaru
 20136 | Lair:8   | Entered Level 8 of the Lair of Beasts
 20280 | Lair:8   | Reached skill level 12 in Shields
 20618 | Lair:8   | Found a staircase to the Slime Pits.
 21993 | Lair:8   | Found a burning altar of Makhleb.
 22438 | Lair:7   | Received a gift from Okawaru
 22832 | Lair:8   | Found a gateway to Hell.
 22971 | Lair:2   | Identified a +6 rod of inaccuracy (12/12) (You found it on level 8 of the Lair of Beasts)
 23059 | Orc:1    | Entered Level 1 of the Orcish Mines
 23287 | Orc:1    | Reached skill level 10 in Long Blades
 23610 | Orc:1    | Reached XP level 15. HP: 134/134 MP: 20/20
 23896 | Orc:2    | Entered Level 2 of the Orcish Mines
 23953 | Orc:2    | Found a staircase to the Elven Halls.
 25186 | Orc:2    | Found Ucwanna's General Store.
 25186 | Orc:2    | Found Heum's Antique Armour Shoppe.
 25607 | Orc:2    | Found Hesit's Distillery.
 25609 | Orc:2    | Found Neeshaer's Assorted Antiques.
 25620 | Orc:2    | Bought a potion of resistance for 120 gold pieces
 25620 | Orc:2    | Bought a potion of haste for 120 gold pieces
 25620 | Orc:2    | Bought a potion of degeneration for 12 gold pieces
 25620 | Orc:2    | Bought a potion of heal wounds for 60 gold pieces
 25620 | Orc:2    | Bought a potion of mutation for 30 gold pieces
 25620 | Orc:2    | Bought a potion of invisibility for 96 gold pieces
 25622 | Orc:2    | Bought a scroll of identify for 32 gold pieces
 25623 | Orc:2    | Bought a pair of glowing gloves for 135 gold pieces
 25623 | Orc:2    | Bought a pair of embroidered boots for 135 gold pieces
 25640 | Orc:2    | Identified a +2 pair of boots of running (You bought it in a shop on level 2 of the Orcish Mines)
 25963 | D:10     | Entered Level 10 of the Dungeon
 25999 | D:10     | Noticed Psyche
 26005 | D:10     | Killed Psyche
 26016 | D:10     | Received a gift from Okawaru
 26022 | D:10     | Got a dazzling chain mail {god gift}
 26245 | D:9      | Identified the +0 chain mail of Cusminy {rN+ Dex-4 SInv} (Okawaru gifted it to you on level 10 of the Dungeon)
 28504 | D:9      | Killed George's ghost
 28906 | D:12     | Reached skill level 13 in Shields
 30873 | D:14     | Found a snail-covered altar of Cheibriados.
 30952 | D:14     | Found Ixyr's Armour Emporium.
 31422 | D:14     | Received a gift from Okawaru
 31548 | D:14     | Found a gate to the Vaults.
 32126 | D:15     | Entered Level 15 of the Dungeon
 32150 | D:15     | Paralysed by a giant eyeball for 3 turns
 32168 | D:15     | Paralysed by a giant eyeball for 4 turns
 32178 | D:15     | Reached XP level 16. HP: 114/145 MP: 21/21
 32180 | D:15     | Paralysed by a giant eyeball for 3 turns
 32278 | D:15     | Found a staircase to the Depths.
 32569 | D:15     | Noticed Louise
 32601 | D:15     | Killed Louise
 32930 | D:15     | Got a bound silver ring
 32934 | D:15     | Identified the ring of Vairchyl {rPois rF+ Str+2} (You found it on level 15 of the Dungeon)
 33075 | D:15     | Found Zyqafuf's Weapon Boutique.
 33084 | D:15     | Got a pair of ichor-stained boots
 33095 | D:15     | Identified the +2 pair of boots "Kozxal" {rElec rF- rN+ MR+} (You found it on level 15 of the Dungeon)
 33133 | D:15     | Got a sparkling lapis lazuli ring
 33137 | D:15     | Identified the ring of Ditretia {MP+9 Int+5 Stlth+} (You found it on level 15 of the Dungeon)
 33165 | D:15     | Noticed Azrael
 33178 | D:15     | Killed Azrael
 33195 | D:15     | Paralysed by a giant eyeball for 2 turns
 33493 | D:15     | Found Eserome's Antique Armour Shop.
 33554 | D:15     | Noticed Kirke
 33561 | D:15     | Killed Kirke
 33602 | D:15     | Reached skill level 14 in Shields
 33661 | D:15     | Found Reapi's Antique Armour Shop.
 33983 | D:12     | Received a gift from Okawaru
 33984 | D:12     | Got a shimmering robe {god gift}
 34155 | Lair:2   | Identified the +1 robe of Hadjma {-Tele +Inv Regen+ Str+2} (Okawaru gifted it to you on level 12 of the Dungeon)
 34885 | D:15     | Reached skill level 10 in Evocations
 34969 | D:15     | Got a smoking wooden ring
 34971 | D:15     | Identified the ring of Liberty {rF- MP+9 AC+1 Dex+6} (You found it on level 15 of the Dungeon)
 35558 | Swamp:1  | Entered Level 1 of the Swamp
 35706 | Swamp:1  | Noticed Fabri's ghost (journeyman OpTm)
 35739 | Swamp:1  | Killed Fabri's ghost
 35825 | Swamp:1  | Got a faintly glowing mace
 35827 | Swamp:1  | Identified the +4 mace "Worapsi" {flame, +Fly Stlth+} (You found it on level 1 of the Swamp)
 36129 | Swamp:1  | Reached XP level 17. HP: 154/154 MP: 23/23
 37055 | Swamp:2  | Paralysed by a Zot trap for 4 turns
 37152 | Swamp:2  | Noticed Jorgrun
 37168 | Swamp:2  | Killed Jorgrun
 38574 | Swamp:4  | Entered Level 4 of the Swamp
 38805 | Swamp:4  | Reached skill level 15 in Fighting
 38832 | Swamp:4  | Received a gift from Okawaru
 38832 | Swamp:4  | Reached skill level 15 in Long Blades
 38845 | Swamp:3  | HP: 6/156 [six-headed hydra (7)]
 40033 | Swamp:4  | Got a decaying rune of Zot
 40723 | Snake:1  | Entered Level 1 of the Snake Pit
 40736 | Snake:1  | Noticed Aizul
 40755 | Snake:1  | Killed Aizul
 41285 | Snake:1  | Noticed Rupert
 41571 | Snake:1  | Killed Rupert
 41571 | Snake:1  | Reached skill level 15 in Shields
 41571 | Snake:1  | Reached XP level 18. HP: 154/163 MP: 25/25
 41700 | Snake:2  | Reached skill level 15 in Armour
 42209 | Snake:2  | Noticed Roxanne
 42665 | Snake:2  | Killed Roxanne
 44592 | Snake:4  | Entered Level 4 of the Snake Pit
 44702 | Snake:4  | Noticed Donald
 44720 | Snake:4  | Killed Donald
 45987 | Snake:4  | Got a serpentine rune of Zot
 46341 | Elf:1    | Entered Level 1 of the Elven Halls
 46747 | Elf:1    | Received a gift from Okawaru
 46889 | Elf:1    | Reached XP level 19. HP: 170/172 MP: 24/26
 47072 | Elf:1    | Reached skill level 16 in Shields
 47380 | Elf:1    | Found a portal to a secret trove of treasure.
 48128 | Elf:2    | Found a runed gate.
 48128 | Elf:2    | Found a runed gate.
 48131 | Elf:2    | Found a runed gate.
 49045 | Elf:2    | Received a gift from Okawaru
 49045 | Elf:2    | Reached skill level 15 in Dodging
 49203 | Elf:2    | Gained mutation: You are weak. (Str -2) [a neqoxec]
 49827 | Elf:3    | Entered Level 3 of the Elven Halls
 51266 | Elf:3    | Reached XP level 20. HP: 180/184 MP: 28/28
 51471 | Elf:3    | Reached skill level 17 in Shields
 51833 | Lair:2   | Gained mutation: Your flesh is cold resistant. [potion of beneficial mutation]
 52315 | Elf:3    | Cast into level 4 of the Abyss (scimitar of distortion)
 52565 | Abyss:4  | Gained mutation: You are agile. (Dex +2) [a cacodemon]
 52568 | Abyss:4  | Paralysed by accursed screaming for 1 turns
 52582 | Abyss:4  | Paralysed by accursed screaming for 1 turns
 52596 | Elf:3    | Escaped the Abyss
 52808 | Elf:3    | Got a slimy trident {pierce}
 52886 | Elf:3    | Identified the +3 trident of the Skies Above {pierce, rF+ MR- Int+3} (You took it off a deep elf annihilator on level 3 of the Elven Halls)
 52961 | Elf:3    | Got a dazzling plate armour
 52981 | Elf:3    | Got a polished spear
 52995 | Elf:3    | Identified the +6 plate armour "Itticone" {rElec Slay+2} (You found it on level 3 of the Elven Halls)
 53005 | Elf:3    | Identified the +5 spear of Okawaru's Approval {speed, rF+++ MR- Int+7} (You found it on level 3 of the Elven Halls)
 53563 | Elf:3    | Identified the Catalogue of Supportive Weightlessness
 53599 | Elf:3    | Got an ichor-stained chain mail
 53620 | Elf:3    | Identified the +4 chain mail of Spring {+Blink rN+ rCorr Int-3} (You found it on level 3 of the Elven Halls)
 54890 | Vaults:1 | Entered Level 1 of the Vaults
 55473 | Vaults:1 | Received a gift from Okawaru
 56213 | Vaults:1 | Reached skill level 18 in Shields
 57215 | Vaults:2 | Reached XP level 21. HP: 193/193 MP: 24/30
 57243 | Vaults:2 | Received a gift from Okawaru
 57519 | Vaults:2 | Found Fonn's Food Emporium.
 58292 | Vaults:2 | Received a gift from Okawaru
 58322 | Vaults:2 | Got a ripped robe {god gift}
 58827 | Vaults:2 | Identified the +1 robe "Ocvi Ena" {Dex+3} (Okawaru gifted it to you on level 2 of the Vaults)
 59424 | Vaults:3 | Reached skill level 19 in Shields
 59462 | Vaults:3 | Found a staircase to the Crypt.
 60363 | Vaults:3 | Got a twisted flail
 60484 | Vaults:3 | Identified the +6 flail of Xeap {crush, rF- rC+ Dex+4} (You found it on level 3 of the Vaults)
 60923 | Vaults:4 | Got a distressingly furry robe
 60934 | Vaults:4 | Identified the cursed +1 robe of the Gloaming {MR+ Str+3} (You found it on level 4 of the Vaults)
 61059 | Vaults:4 | Reached XP level 22. HP: 203/203 MP: 31/31
 61069 | Vaults:4 | Received a gift from Okawaru
 61407 | Vaults:4 | Found Xulitt's Weapon Emporium.
 62455 | Depths:1 | Entered Level 1 of the Depths
 62851 | Depths:1 | Reached skill level 20 in Shields
 63199 | Depths:1 | Found a huge runed gate.
 63199 | Depths:1 | Found a huge runed gate.
 63199 | Depths:1 | Found a huge runed gate.
 63199 | Depths:1 | Found a huge runed gate.
 63199 | Depths:1 | Found a huge runed gate.
 63202 | Depths:1 | Found a huge runed gate.
 63202 | Depths:1 | Found a huge runed gate.
 63203 | Depths:1 | Found a huge runed gate.
 63213 | Depths:1 | Found a huge runed gate.
 63214 | Depths:1 | Found a huge runed gate.
 63214 | Depths:1 | Found a huge runed gate.
 63215 | Depths:1 | Found a huge runed gate.
 63215 | Depths:1 | Found a huge runed gate.
 63215 | Depths:1 | Found a huge runed gate.
 63216 | Depths:1 | Found a huge runed gate.
 63217 | Depths:1 | Found a huge runed gate.
 63260 | Depths:1 | Found a huge runed gate.
 63261 | Depths:1 | Found a huge runed gate.
 63261 | Depths:1 | Found a huge runed gate.
 63262 | Depths:1 | Found a huge runed gate.
 63282 | Depths:1 | Found a gateway to a ziggurat.
 63283 | Depths:1 | Found a huge runed gate.
 63283 | Depths:1 | Found a huge runed gate.
 63288 | Depths:1 | Found a huge runed gate.
 63594 | Depths:1 | Found a huge runed gate.
 63595 | Depths:1 | Found a huge runed gate.
 63603 | Depths:1 | Found a huge runed gate.
 63603 | Depths:1 | Found a huge runed gate.
 63603 | Depths:1 | Found a huge runed gate.
 63603 | Depths:1 | Found a huge runed gate.
 63603 | Depths:1 | Found a huge runed gate.
 63677 | Depths:2 | Found a runed gate.
 63678 | Depths:2 | Found a runed gate.
 63679 | Depths:2 | Found a runed gate.
 63711 | Depths:2 | Found a one-way gate leading to the halls of Pandemonium.
 64103 | Depths:2 | Found Xosehich's Food Emporium.
 64414 | Depths:2 | Found Velug's Weapon Shoppe.
 64462 | Depths:2 | Found a corrupted altar of Lugonu.
 64462 | Depths:2 | Found a flickering gateway to a bazaar.
 64463 | Depths:2 | Found a one-way gate to the infinite horrors of the Abyss.
 64479 | Bazaar   | Entered a bazaar
 64479 | Bazaar   | Found Jiggiopi's Book Boutique.
 64479 | Bazaar   | Found Cusch's Gadget Boutique.
 64498 | Bazaar   | Found Womaqam's Antique Weapon Boutique.
 64527 | Bazaar   | Found Caileuxi's Assorted Antiques.
 64532 | Bazaar   | Found Haross's Food Shoppe.
 64606 | Bazaar   | Bought a scroll of identify for 40 gold pieces
 64606 | Bazaar   | Bought a potion of heal wounds for 100 gold pieces
 64606 | Bazaar   | Bought a scroll of identify for 40 gold pieces
 64613 | Bazaar   | Bought a fruit for 15 gold pieces
 64622 | Bazaar   | Bought a scroll of teleportation for 60 gold pieces
 64622 | Bazaar   | Bought a scroll of teleportation for 60 gold pieces
 64632 | Bazaar   | Bought a plain deck of wonders for 98 gold pieces
 64632 | Bazaar   | Bought a plain deck of summoning for 98 gold pieces
 64651 | Bazaar   | Bought a jewelled mace for 160 gold pieces
 64651 | Bazaar   | Bought a glowing demon blade for 300 gold pieces
 64651 | Bazaar   | Identified the +11 mace "Xoiw" {freeze, +Rage rElec Int+4 Dex+3} (You bought it in a shop in a bazaar)
 65386 | Depths:2 | Found Nudul's Distillery.
 65418 | Depths:2 | Bought a potion of heal wounds for 75 gold pieces
 66337 | Depths:3 | Reached skill level 21 in Shields
 66622 | Depths:3 | Got a shimmering chain mail
 66633 | Depths:3 | Identified the +6 chain mail of Apathy {+Blink Dex-4 SInv} (You found it on level 3 of the Depths)
 66973 | Depths:3 | Reached XP level 23. HP: 199/213 MP: 33/33
 66979 | Depths:3 | Received a gift from Okawaru
 66980 | Depths:3 | Got a fine large shield {god gift}
 66992 | Depths:3 | Identified the +5 large shield "Roymol" {rElec Stlth+} (Okawaru gifted it to you on level 3 of the Depths)
 67056 | Depths:3 | Reached skill level 15 in Evocations
 67093 | Depths:3 | Got a coiled ivory ring
 67095 | Depths:3 | Identified the ring of the Failed Coup {Fire *Contam Dex+4 Slay+5} (You found it on level 3 of the Depths)
 67112 | Depths:3 | Gained mutation: Potions and wands are less effective at restoring your health. [mutagenic glow]
 67431 | Depths:3 | Noticed a caustic shrike
 67440 | Depths:3 | Killed a caustic shrike
 67662 | Depths:3 | Got a thick robe
 67673 | Depths:3 | Identified the +1 robe of Otauni Nutz {+Inv} (You found it on level 3 of the Depths)
 67686 | Depths:3 | Got a slimy quarterstaff
 68452 | Depths:3 | Noticed an iron giant
 69315 | Depths:4 | Found a magical portal.
 69355 | WizLab   | Entered Doroklohe's Tomb
 70121 | Depths:4 | Reached skill level 22 in Shields
 71257 | Depths:5 | Entered Level 5 of the Depths
 71682 | Depths:5 | Reached XP level 24. HP: 202/224 MP: 28/33
 71853 | Depths:5 | Found a gate to the Realm of Zot.
 72034 | Depths:5 | Received a gift from Okawaru
 72847 | Lair:2   | Lost mutation: Your flesh is cold resistant. [potion of cure mutation]
 72847 | Lair:2   | Lost mutation: You are agile. (Dex +2) [potion of cure mutation]
 72847 | Lair:2   | Lost mutation: You are weak. (Str -2) [potion of cure mutation]
 72847 | Lair:2   | Lost mutation: Potions and wands are less effective at restoring your health. [potion of cure mutation]
 72855 | Lair:2   | Identified a scroll of acquirement
 73265 | Vaults:5 | Entered Level 5 of the Vaults
 73313 | Vaults:5 | Noticed an ancient lich
 73334 | Vaults:5 | Was placed under penance by Okawaru
 73340 | Vaults:5 | Noticed Jory
 73350 | Vaults:5 | HP: 10/225 [tentacled monstrosity (7)]
 73387 | Vaults:5 | Noticed an ancient lich
 73395 | Vaults:5 | HP: 10/225 [ancient lich/bolt of acid (29)]
 73395 | Vaults:5 | Splashed by an ancient lich's acid

Vault maps used:
D:1:      lightli_arrival_chessboard, roderic_cross_of_infinity,
          minmay_misc_feat_room
D:2:      uniq_natasha, uniq_robin
D:3:      grunt_temple_overflow_opulence, first_bread, minmay_misc_feat_five,
          grunt_decor_fettered
D:4:      nicolae_ru_sacrificial_ziggurat, minmay_temple_entry_poolview,
          serial_glass, glass_columns_a, glass_columns_a, glass_columns_c,
          glass_columns_a, glass_columns_b, glass_columns_a, glass_columns_a,
          glass_columns_a, st_stairs_10, uniq_edmund
D:6:      led_sif_book, uniq_crazy_yiuf_cottage
D:7:      lemuel_ice_statue, serial_glass, glass_columns_a, glass_columns_a
D:8:      hangedman_tree_tricks, st_stairs_5
D:9:      dpeg_lair_monsters, orc_0_dummy, minivault_7
D:10:     minmay_diamond_stairs, minmay_lizard_king, uniq_psyche
D:13:     minmay_misc_feat_chi
D:14:     hangedman_vaults_entry_quadrant_bands, serial_shops, shop,
          cheibriados_altar_1
D:15:     hangedman_spin_cycle, uniq_louise, uniq_azrael
Temple:   nicolae_temple_elliptical
Lair:1:   portal_ice_cave_entry_ice_beasts, serial_bayou_lagoon_a,
          lemuel_fruit_fields, uniq_sonja
Lair:2:   grunt_megastairs_3, bh_autumn_forest_stairs
Lair:3:   lab_entry_generic
Lair:4:   dragon1_lemuel, guppyfry_snake_entry_island, grunt_megastairs_5,
          uniq_maud, uniq_nergalle
Lair:6:   swamp_mist_pool, grunt_megastairs_4
Lair:8:   evil_forest, minmay_slime_entry_eyes, nicolae_quartered_pool_medium
Swamp:1:  serial_swamp_ruin, evilmike_swamp_ruin_house_2,
          evilmike_swamp_ruin_house_4, swamp_pool5
Swamp:2:  nicolae_swamp_very_dense_foliage, uniq_jorgrun
Swamp:3:  evilmike_swamp_ruin_house_6, uniq_kirke
Swamp:4:  swamp_alternative
Snake:1:  uniq_aizul, uniq_rupert
Snake:2:  uniq_roxanne
Snake:3:  spider_trap, st_stairs_12
Snake:4:  minmay_snake_end_coiled, uniq_donald
Orc:1:    serial_shops, special_room
Orc:2:    st_orc_rangers, sword_in_stone
Elf:1:    elf_arrival_002, enter_trove_3, hangedman_elf_disciples
Elf:2:    st_stairs_3, grunt_ministairs_7
Elf:3:    grunt_elf_hall_diamonds
Vaults:1: vaults_room_fancy_cross, hangedman_vaults_slice, v_alt_pattern_5,
          nicolae_vaults_little_squares_3, nicolae_vaults_twisting_passages,
          v_alt_pattern_1, vaults_room_grunt_arrival_ludios,
          hangedman_vaults_capsules, dpeg_vaults_monster_box,
          nicolae_vaults_hallways_thing, ontoclasm_vaults_tryst,
          vaults_room_pools, grunt_vaults_diagonal, vaults_mumra_bighexcomb,
          vaults_room_fancy_cross, v_misc_22, vaults_mumra_lcd
Vaults:2: nicolae_vaults_shelves_hall, vaults_standard_mumra_lines,
          vaults_standard_mumra_enter_the_diamond, vaults_dpeg_cross,
          serial_shops, shop
Vaults:3: nicolae_vaults_little_squares_6, hangedman_vaults_corner_blocks,
          ontoclasm_vaults_spin, nicolae_vaults_circle_grid_a, v_misc_11,
          minmay_crypt_entry_simple_statues, vaults_mumra_minichess_inversion,
          grunt_vaults_trifunnel, vaults_dpeg_ring,
          nicolae_vaults_little_squares_1, vaults_dpeg_encased_lava,
          ontoclasm_vaults_gallery, v_misc_2, mu_enter_wizlab_3
Vaults:4: v_misc_2, vaults_room_large_hall, dpeg_vaults_monster_row,
          vaults_room_fours, hangedman_vaults_corner, vaults_room_octagon,
          ontoclasm_vaults_loading_screen, v_misc_16, v_misc_25,
          ontoclasm_vaults_ring_large, hangedman_vaults_trim, serial_shops, shop
Vaults:5: uniq_jory
Depths:1: enter_ziggurat_e, grunt_hell_entry_dis_grunt,
          serial_sigils_hangedman_snap, door_vault
Depths:2: lemuel_ice_spiral_2, abyss_entry_flame_altar, serial_shops,
          bzr_in_the_mist, shop, shop, shop, minmay_staircase_bubble,
          hell_entry, pan_entry, pandoras_box_mu
Depths:3: cheibrodos_leafed_vault, serial_bayou_pond_b, pf_hell_entry_great_geh,
          rand_demon_pan_entry_9, minmay_evil_grid, infiniplex_staircase_spiral
Depths:4: minmay_triangles_in_corner, abyss_entry, hell_entry,
          infiniplex_enter_wizlab_water, hex_tiny
Depths:5: grunt_zot_entry_tricorne, hangedman_coc_ice_floe, minmay_fountain_box,
          hangedman_abyss_or_decor_stabs
Abyss:4:  evilmike_abyss_exit_disperse
Lab:      labyrinth_watery
Bazaar:   bazaar_kb_twisted_cavern
IceCv:    ice_cave_caverns_03
WizLab:   wizlab_doroklohe

Skill      XL: |  1  2  3  4  5  6  7  8  9 10 11 12 13 14 15 16 17 18 19 20 21 22 23 24 |
---------------+-------------------------------------------------------------------------+-----
Maces & Flails | 3 4 5 6 8 9 10 11 12 | 12.8
Fighting       | 4 5 6 8 9 10 11 12 13 14 15 16 17 18 19 20 | 20.4
Shields        | 4 5 6 7 8 9 10 11 12 13 14 15 16 18 19 21 22 | 22.6
Armour         | 4 5 6 7 8 9 10 11 12 13 14 15 16 17 18 19 20 | 20.0
Dodging        | 1 2 4 6 7 8 9 10 11 12 13 14 15 16 17 18 | 18.8
Evocations     | 2 4 5 7 8 9 10 11 12 13 14 15 16 | 16.0
Invocations    | 3 5 6 7 |  7.0
Long Blades    | 6 10 12 14 15 16 17 18 19 20 | 20.8

Action                   |  1- 3 |  4- 6 |  7- 9 | 10-12 | 13-15 | 16-18 | 19-21 | 22-24 || total
-------------------------+-------+-------+-------+-------+-------+-------+-------+-------++-------
Melee: Flail             |   105 |   169 |   338 |   924 |   195 |     5 |       |       ||  1736
       Long sword        |       |       |       |       |  1712 |  1660 |  2161 |  1822 ||  7355
       Scimitar          |       |       |       |       |       |   258 |    39 |   198 ||   495
       Mace              |       |       |       |       |       |       |       |    43 ||    43
 Fire: Blowgun           |       |       |       |     2 |       |       |       |       ||     2
       Hunting sling     |       |       |       |       |     3 |       |       |       ||     3
       Hand crossbow     |       |       |       |       |       |       |    11 |       ||    11
Throw: Stone             |       |     6 |     5 |       |       |       |       |       ||    11
       Javelin           |       |       |       |     8 |    45 |    44 |    17 |    10 ||   124
       Tomahawk          |       |       |       |       |     3 |     3 |       |       ||     6
Invok: Heroism           |       |       |     2 |    20 |    42 |    47 |    33 |    50 ||   194
       Finesse           |       |       |       |     9 |    24 |    21 |    21 |     8 ||    83
Evoke: Wand              |       |       |       |     1 |     4 |     6 |     6 |    29 ||    46
       Disc of storms    |       |       |       |       |       |       |       |     7 ||     7
       Lamp of fire      |       |       |       |       |       |       |       |     1 ||     1
  Use: Scroll            |       |       |     7 |    10 |    13 |    21 |    14 |    14 ||    79
       Potion            |       |       |     2 |     1 |     1 |     5 |     3 |     8 ||    20
 Stab: Confused          |       |       |       |       |       |     1 |       |       ||     1
       Petrifying        |       |       |       |       |       |       |       |     1 ||     1
       Distracted        |       |       |       |       |       |       |       |     1 ||     1
  Eat: Chunk             |     1 |     8 |    12 |    21 |    60 |    36 |    45 |    33 ||   216
       Royal jelly       |       |       |       |     3 |     1 |       |     1 |     1 ||     6
       Beef jerky        |       |       |       |     1 |     1 |     3 |     1 |     1 ||     7
       Pizza             |       |       |       |       |     1 |     1 |       |     1 ||     3
       Fruit             |       |       |       |       |     5 |    13 |     1 |     7 ||    26
